 Dungeon Crawl Stone Soup version 0.31.0-11-ge490571c62 (webtiles) character file.

Game seed: 8436035560405613359

695 safid the Ruffian (level 7, -6/51 (55) HPs)
             Began as a Purple Draconian Shapeshifter on Feb 9, 2024.
             Was an Initiate of Ru.
             Mangled by a wight
             ... wielding a +0 trident
              (12 damage)
             ... on level 5 of the Dungeon.
             The game lasted 00:06:55 (4406 turns).

safid the Ruffian (Purple Draconian Shapeshifter)   Turns: 4406, Time: 00:06:56

HP:   -6/51 (55)    AC:  6    Str: 18    XL:     7   Next: 37%
MP:   7/7           EV: 12    Int: 11    God:    Ru [......]
Gold: 229           SH:  0    Dex: 10    Spells: 6/6 levels left

rFire   . .          .
                       - Unarmed
rCold   . . .        (no shield)
rNeg    . . .        (body armour unavailable)
rPois   .            (helmet currently unavailable)
rElec   .            (cloak currently unavailable)
rCorr   .            (gloves currently unavailable)
SInv    .            (boots currently unavailable)
Will    +....        (no amulet)
Stlth   +            s - ring of flight
HPRegen 0.28/turn    (no ring)
MPRegen 0.10/turn

%: no passive effects
@: beast-form, flying, drained
A: beast (slay +2), breathe power, AC +6, unfitting armour, cold-blooded
a: Breathe Dispelling Energy, Begin Untransformation, Renounce Religion


You were on level 5 of the Dungeon.
You worshipped Ru.
Ru was noncommittal.
You were a hulking beast.
You visited 2 branches of the dungeon, and saw 6 of its levels.

You collected 229 gold pieces.

Inventory:

Missiles
 l - 15 poisoned darts (quivered)
 q - 3 curare-tipped darts
Armour
 v - a +0 pair of boots
Jewellery
 h - a ring of ice
 s - a ring of flight (left hand)
 z - a ring of fire
Talismans
 b - a beast talisman
 c - a flux talisman
 i - a blade talisman
Wands
 m - a wand of digging (2)
 A - a wand of polymorph (9)
 B - a wand of roots (9)
Scrolls
 d - a scroll of fog {unknown}
 e - a scroll of enchant weapon {unknown}
 j - 7 scrolls of identify {unknown}
 k - 2 scrolls of revelation {unknown}
 n - a scroll of fear {unknown}
 o - a scroll of teleportation {unknown}
 p - 2 scrolls of vulnerability {unknown}
 r - 2 scrolls of immolation {unknown}
 x - 2 scrolls of blinking {unknown}
 y - a scroll of enchant armour {unknown}
Potions
 a - 2 potions of lignification
 f - 3 potions of haste {unknown}
 g - 6 potions of curing {unknown}
 t - a potion of cancellation {unknown}
 u - a potion of degeneration {unknown}
 w - 2 potions of berserk rage {unknown}
 C - a potion of heal wounds {unknown}


   Skills:
 + Level 2.2 Fighting
 + Level 3.9 Dodging
 + Level 6.8 Unarmed Combat
 + Level 4.1 Shapeshifting


You had 6 spell levels left.
You didn't know any spells.
Your spell library contained the following spells:

 Spells                   Type           Power      Damage    Failure   Level
 Foxfire                  Conj/Fire      0%         2x1d4     34%         1
 Frozen Ramparts          Ice            0%         1d1       71%         3
 Summon Ice Beast         Ice/Summ       0%         N/A       71%         3
 Leda's Liquefaction      Alch/Erth      0%         N/A       98%         4
 Petrify                  Alch/Erth      0%         N/A       98%         4
 Metabolic Englaciation   Hex/Ice        0%         N/A       100%        5
 Summon Mana Viper        Hex/Summ       0%         N/A       100%        5
 Plasma Beam              Fire/Air       0%         2x1d10    100%        6
 Starburst                Conj/Fire      0%         6d3       100%        6
 Monstrous Menagerie      Summ           0%         N/A       100%        7


Dungeon Overview and Level Annotations

Branches:
Dungeon (5/15)             Temple (1/1) D:5

Altars:
Ashenzari
Cheibriados
Elyvilon
Hepliaklqana
Kikubaaqudgha
Makhleb
Okawaru
Qazlal
Ru
Sif Muna
Trog
Vehumet
Xom
Yredelemnul
The Shining One
Ignis

Shops:
D:1 [


Innate Abilities, Weirdness & Mutations

You are a hulking beast.
Your limbs bulge with bestial killing power. (Slay +2)
You can breathe bolts of dispelling energy.
Your rich purple scales are hard. (AC +6)
You cannot fit into any form of body armour.
You are cold-blooded and may be slowed by cold attacks.


Message History

The iguana misses you. The wight closely misses you.
You punch the iguana!
You kill the iguana!
The wight hits you from afar with a +0 trident.
You feel drained. The wight hits you with a +0 trident.
You see here an iguana corpse.
You hit the wight but do no damage. You hit the wight.
You tail-slap the wight, but do no damage.
The wight is lightly damaged.
The wight hits you with a +0 trident!
You feel drained.
You are too injured to fight recklessly!
You are too injured to fight recklessly!
You are too injured to fight recklessly!
Unknown command.
You hit the wight.
The wight is lightly damaged.
The wight barely misses you.
You hit the wight but do no damage.
The wight is lightly damaged.
The wight hits you with a +0 trident!
You punch the wight!
The wight is heavily damaged.
The wight hits you with a +0 trident.
* * * LOW HITPOINT WARNING * * *
You feel drained.
You hit the wight but do no damage. You punch the wight, but do no damage.
The wight is heavily damaged.
The wight hits you with a +0 trident.
* * * LOW HITPOINT WARNING * * *
You hit the wight but do no damage. You tail-slap the wight.
The wight is severely damaged.
The wight misses you.
You hit the wight but do no damage.
Your tail-slap misses the wight.
The wight is severely damaged.
You hit the wight but do no damage.
Your tail-slap misses the wight.
The wight is severely damaged.
The wight hits you with a +0 trident!
You die...

######.# ##
#..hz..#
##...##.######
#.......).#
##...##.#.#
##. #>#)# #
#.#)# ..#.#
###.# #.# #.#


You could see a wight.

Vanquished Creatures
  A centaur (D:5)
  3 wights (D:5)
  2 orc priests (D:4)
  A hound (D:4)
  A jelly (D:4)
  A sleepcap (D:5)
  Ijyb (D:5)
  2 iguanas (D:5)
  3 orc wizards
  4 adders
  2 ufetubi (D:5)
  4 dart slugs
  A ribbon worm (D:2)
  13 orcs
  8 bats
  3 endoplasms
  3 giant cockroaches
  8 goblins
  12 hobgoblins
  8 jackals
  5 kobolds
  2 quokkas
  5 ball pythons
  4 frilled lizards
  3 rats (D:2)
100 creatures vanquished.

Notes
Turn   | Place    | Note
-------+----------+-------------------------------------------
     0 | D:1      | safid the Draconian Shapeshifter began the quest for the
                  | Orb.
     0 | D:1      | Reached XP level 1. HP: 16/16 MP: 1/1
   237 | D:1      | Reached XP level 2. HP: 23/23 MP: 2/2
   321 | D:1      | Found Badynk's Armour Emporium.
   784 | D:2      | Reached XP level 3. HP: 25/28 MP: 3/3
   937 | D:2      | Reached skill level 4 in Unarmed Combat
  1280 | D:2      | Reached XP level 4. HP: 35/35 MP: 4/4
  1504 | D:3      | Found an iron altar of Okawaru.
  1840 | D:3      | Found a stormy altar of Qazlal.
  2274 | D:4      | Reached XP level 5. HP: 32/40 MP: 5/5
  2334 | D:4      | Noticed an orc warrior
  2418 | D:4      | Found an ancient bone altar of Kikubaaqudgha.
  2427 | D:4      | Reached skill level 5 in Unarmed Combat
  2849 | D:4      | Reached XP level 6. HP: 19/47 MP: 6/6
  3282 | D:5      | Entered Level 5 of the Dungeon
  3309 | D:5      | Reached skill level 6 in Unarmed Combat
  3454 | D:5      | Noticed Ijyb
  3931 | D:5      | Killed Ijyb
  4170 | D:5      | Your scales start taking on a rich purple colour.
  4170 | D:5      | Reached XP level 7. HP: 53/53 MP: 7/7
  4181 | D:5      | Found a staircase to the Ecumenical Temple.
  4189 | Temple   | Entered the Ecumenical Temple
  4201 | Temple   | Became a worshipper of Ru the Awakened
  4406 | D:5      | Mangled by a wight

Illustrated notes

Levels and vault maps discovered:
D:1:      dpeg_arrival_snail, layout_loops_ring, serial_shops,
          nicolae_diamond_shop
D:2:      layout_basic
D:3:      layout_loops_cross, okawaru_metal_pillars_1_2, amcnicky_altar_gilded,
          roderic_lattice_a, minmay_goblin_kobold_house
D:4:      layout_rooms, mainiacjoe_overflow_tiny_flanked
D:5:      layout_loops_corners, pdpol_wu_jian_five_deadly_venoms,
          nicolae_dithmenos_through_a_glass_darkly, minmay_temple_entry_hall,
          serial_shops, kennysheep_mini, uniq_eustachio, uniq_ijyb
Temple:   pdpol_scorched_temple

Skill      XL: |  1  2  3  4  5  6  7 |
---------------+----------------------+-----
Dodging        | 2 3 |  3.9
Unarmed Combat | 4 5 6 |  6.8
Shapeshifting  | 4 |  4.1
Fighting       | 2 |  2.2

Action                     |  1- 3 |  4- 6 |  7- 9 || total
---------------------------+-------+-------+-------++-------
  Melee: Unarmed           |   128 |   195 |    29 ||   352
         Tailslap          |    12 |    20 |     5 ||    37
         Punch             |     3 |     4 |     1 ||     8
   Stab: Sleeping          |     2 |     2 |       ||     4
 Armour: Skin              |    77 |   137 |    18 ||   232
  Dodge: Dodged            |   102 |    89 |    14 ||   205
